 Dungeon Crawl Stone Soup version 0.19-a0-188-ga21aea4 (webtiles) character file.

37909 Lugonue the Severer (level 13, -1/127 HPs)
             Began as a Hill Orc Gladiator on May 23, 2016.
             Was a High Priest of Trog.
             Slain by a fire crab (10 damage)
             ... on level 8 of the Lair of Beasts.
             The game lasted 00:52:51 (15026 turns).

Lugonue the Severer (Hill Orc Gladiator)           Turns: 15026, Time: 00:52:54

Health: -1/127     AC: 20    Str: 22    XL:     13   Next: 99%
Magic:  14/14      EV: 13    Int:  8    God:    Trog [*****.]
Gold:   764        SH:  0    Dex: 11    Spells: 0 memorised, 12 levels left

rFire  . . .     SeeInvis +     a - +3 battleaxe (flame)
rCold  + . .     Gourm    .     m - +1 ring mail {rC+}
rNeg   . . .     Faith    .     (shield currently unavailable)
rPois  .         Spirit   .     c - +0 helmet
rElec  .         Dismiss  .     z - +0 cloak
rCorr  .         Reflect  .     Q - +0 pair of gloves
SustAt .         Harm     .     O - +1 pair of boots
MR     ++...                    (no amulet)
Stlth  ++........               (no ring)
                                E - ring of stealth

@: regenerating, very resistant to hostile enchantments, unstealthy
A: rough black scales 1, see invisible, wild magic 1
a: Berserk, Trog's Hand, Brothers in Arms, Burn Spellbooks, Renounce Religion


You were on level 8 of the Lair of Beasts.
You worshipped Trog.
Trog was extremely pleased with you.
You were not hungry.

You visited 2 branches of the dungeon, and saw 19 of its levels.
You also visited: Labyrinth.

You collected 925 gold pieces.
You spent 161 gold pieces at shops.

Inventory:

Hand Weapons
 a - a +3 battleaxe of flaming (weapon)
 b - the +8 whip "Snakebite" {curare, rPois}
   (You found it on level 2 of the Lair of Beasts)

   It poisons the flesh of those it strikes.
   It protects you from poison.
 N - the +7 arbalest "Xonlif" {freeze, rPois}
   (You found it on level 10 of the Dungeon)

   It causes projectiles fired from it to freeze those they strike, causing
   extra injury to most foes and up to half again as much damage against
   particularly susceptible opponents.
   They can also slow down cold-blooded creatures.
   It protects you from poison.
Missiles
 d - a throwing net (quivered)
Armour
 c - a +0 helmet (worn)
 e - a +1 pair of gloves
 m - a +1 ring mail of cold resistance (worn)
 z - a +0 cloak (worn)
 O - a +1 pair of boots (worn)
 Q - a +0 pair of gloves (worn)
Rods
 M - a +1 rod of shadows (11/11)
   (You took it off a minotaur in a labyrinth)
Jewellery
 s - an uncursed amulet of dismissal
 E - a ring of stealth (left hand)
 S - an uncursed ring of positive energy {unknown}
Wands
 r - a wand of heal wounds (4/9)
 x - a wand of random effects (21/48)
 C - a wand of confusion (28/48)
 D - a wand of disintegration (8/24)
 K - a wand of confusion (23/48)
 L - a wand of enslavement (19/24)
 P - a wand of acid (6/15)
 T - a wand of iceblast (12/15)
 U - a wand of random effects (25/48)
Scrolls
 o - 4 scrolls of enchant armour
 p - a scroll of enchant weapon
 q - 9 scrolls of remove curse
 u - 2 scrolls of blinking
 w - 3 scrolls of identify
 y - a scroll of fear
 A - 12 scrolls of teleportation
 H - 2 scrolls of fog
 I - a scroll of brand weapon
 J - 2 scrolls of recharging
Potions
 h - a potion of mutation
 i - 4 potions of heal wounds
 k - 2 potions of agility
 l - a potion of lignification
 n - 3 potions of might
 t - 3 potions of cure mutation
 v - 2 potions of curing
 B - a potion of magic {unknown}
 F - 2 potions of ambrosia
 G - 2 potions of cancellation {unknown}
Books
 R - a book of Spatial Translocations

   Spells                             Type                      Level
   a - Apportation                    Translocation                1
   b - Blink                          Translocation                2
   c - Shroud of Golubria             Charms/Translocation         2
   d - Portal Projectile              Translocation                3
   e - Teleport Other                 Translocation                3
   f - Passage of Golubria            Translocation                4
   Trog disapproves of the use of such an item.
Comestibles
 f - 12 bread rations
 g - 53 fruits
 j - 8 meat rations


   Skills:
 + Level 15.6 Fighting
 + Level 16.8 Axes
 - Level 1.8 Throwing
 * Level 13.6 Armour
 * Level 4.8 Dodging
 - Level 1.0 Stealth
 + Level 1.8 Evocations


You had 12 spell levels left.
You didn't know any spells.

Dungeon Overview and Level Annotations

Branches:
Dungeon (11/15)            Temple (0/1) D:4            Lair (8/8) D:11
  Snake (0/4) Lair:4        Slime (0/6) Lair:7
  Swamp: Lair:3-6    Shoals: Lair:3-6       Orc: D:9-12

Altars:
Cheibriados
Dithmenos
Fedhas
Gozag
Kikubaaqudgha
Pakellas
Qazlal
Trog
Xom
Yredelemnul
Zin
Jiyva

Shops:
D:4 ?   D:9 [


Innate Abilities, Weirdness & Mutations

You are partially covered in rough black scales. (AC +4, Dex -1)
You have supernaturally acute eyesight. (SInv)
Your spells are a little harder to cast, but a little more powerful.


Message History

The fire crab closely misses you.
The fire crab bites you but does no damage.
The fire crab barely misses you.
You barely miss the fire crab.
The fire crab is almost dead.
The fire crab breathes flames at you. The blast of flame engulfs you!
Your skin crawls.
You feel resistant to hostile enchantments.
You feel quite a bit more hungry.
You are engulfed in roaring flames.
* * * LOW HITPOINT WARNING * * *
The plant is engulfed in roaring flames.
The fire crab bites you!
* * * LOW HITPOINT WARNING * * *
You are engulfed in flames!
* * * LOW HITPOINT WARNING * * *
The fire crab claws you!
* * * LOW HITPOINT WARNING * * *
You are engulfed in flames!
You die...

........# #.......#..........
......P.# #.......#.P.P..P...
........# ##......##......P..
......### # #...†..##P...♣♣...
†.....P# .#.######†...##...♣.....
†..#.....#..PP#P#.†.†..####..#...
.P...................P#.# #.##P..
..............§§§t.....## ##.##.#
...8..........P§@§.....# ###.##
.......P.......#§§....## ####
.8...................## #
........#P.!.#.#......# #
..8..... ......P.....## ##
....### .............# #. ...##
............P# ## #...
P..........P# # #


You could see a fire crab.

Vanquished Creatures
  A minotaur (Lab)
  Erolcha (D:11)
  6 hydras
  An unseen horror (D:11)
  4 hill giants
  A griffon (Lair:2)
  8 elephants
  A torpor snail (Lair:4)
  15 spiny frogs
  2 centaur skeletons
  A rime drake (Lair:4)
  5 komodo dragons
  A polar bear (Lair:4)
  12 blink frogs
  19 yaks
  6 hippogriffs
  A hungry ghost (D:10)
  2 basilisks
  Menkaure (D:5)
  4 nagas (Lair:4)
  13 water moccasins
  9 porcupines
  7 black bears
  4 sky beasts
  3 ice beasts
  7 orc warriors
  A wasp (D:11)
  7 ogres
  3 phantoms
  16 wolves
  4 centaurs
  6 crocodiles
  2 big kobolds
  A gnoll sergeant (D:9)
  12 giant frogs
  4 scorpions
  6 killer bees
  7 wights
  2 howler monkeys
  4 crimson imps
  7 hounds
  8 orc priests
  10 iguanas
  A jelly (Lair:7)
  A giant frog skeleton (D:10)
  13 orc wizards
  8 worker ants
  13 sheep
  A hound zombie (D:7)
  3 hound skeletons
  3 worker ant zombies
  11 gnolls
  4 adders
  17 river rats
  3 shadow imps
  3 oozes
  An adder zombie (D:9)
  3 adder skeletons
  3 worms
  3 dart slugs
  11 giant geckos
  34 orcs
  2 ball pythons
  2 giant cockroaches
  2 gnoll zombies (D:5)
  5 goblins
  4 hobgoblins
  10 jackals
  9 kobolds
  6 quokkas
  8 bats
  A giant gecko skeleton (D:5)
  A giant gecko zombie (D:5)
  5 giant newts
  6 rats
  4 fungi
  A plant (Lair:5)
437 creatures vanquished.

Vanquished Creatures (collateral kills)
  Maud (Lair:4)
  Snorg (Lair:5)
  A black mamba (Lair:5)
  4 blink frogs (Lair:4)
7 creatures vanquished.

Vanquished Creatures (others)
  3 fungi
  A plant (Lair:6)
4 creatures vanquished.

Grand Total: 448 creatures vanquished

Notes
Turn   | Place    | Note
--------------------------------------------------------------
     0 | D:1      | Lugonue the Hill Orc Gladiator began the quest for the Orb.
     0 | D:1      | Reached XP level 1. HP: 18/18 MP: 1/1
   143 | D:1      | Reached XP level 2. HP: 24/25 MP: 2/2
   509 | D:2      | Found a blossoming altar of Fedhas.
   574 | D:2      | Reached skill level 1 in Armour
   574 | D:2      | Reached XP level 3. HP: 16/30 MP: 3/3
   814 | D:2      | Found a shimmering altar of Xom.
   903 | D:2      | Reached skill level 5 in Axes
  1218 | D:3      | Reached XP level 4. HP: 38/38 MP: 4/4
  1688 | D:4      | Found a bloodstained altar of Trog.
  1710 | D:4      | Became a worshipper of Trog the Wrathful
  1796 | D:4      | Reached XP level 5. HP: 11/45 MP: 5/5
  2019 | D:4      | Found a stormy altar of Qazlal.
  2040 | D:4      | Found a staircase to the Ecumenical Temple.
  2398 | D:4      | Found Vukimpof's Magic Scroll Shop.
  2604 | D:5      | Entered Level 5 of the Dungeon
  2604 | D:5      | Noticed an ogre
  2613 | D:5      | Killed an ogre
  2613 | D:5      | Reached skill level 6 in Axes
  2613 | D:5      | Reached XP level 6. HP: 52/52 MP: 6/6
  2802 | D:5      | Reached XP level 7. HP: 50/60 MP: 7/7
  2824 | D:5      | Found an ancient bone altar of Kikubaaqudgha.
  2882 | D:5      | Noticed Menkaure
  2896 | D:5      | Killed Menkaure
  2896 | D:5      | Reached skill level 5 in Armour
  2920 | D:5      | Reached * piety under Trog
  2920 | D:5      | Reached skill level 5 in Fighting
  2920 | D:5      | Reached skill level 7 in Axes
  2920 | D:5      | Reached skill level 1 in Stealth
  3186 | D:5      | Found a shadowy altar of Dithmenos.
  3186 | D:5      | Found an oddly glowing altar of Pakellas.
  3286 | D:5      | Found a basalt altar of Yredelemnul.
  3327 | D:6      | Got a bone mace
  3328 | D:6      | Identified the +11 mace of the Eight Places {flame, rN+ MR+} (You found it on level 6 of the Dungeon)
  3379 | D:6      | Reached skill level 8 in Axes
  3379 | D:6      | Reached XP level 8. HP: 44/68 MP: 8/8
  3470 | D:6      | Found a shadowy altar of Dithmenos.
  4090 | D:7      | Reached ** piety under Trog
  4090 | D:7      | Reached skill level 9 in Axes
  4200 | D:7      | Reached XP level 9. HP: 73/79 MP: 9/9
  4538 | D:7      | Reached skill level 10 in Axes
  4855 | D:8      | Reached *** piety under Trog
  4931 | D:8      | Reached XP level 10. HP: 50/92 MP: 10/10
  5089 | D:8      | Reached skill level 10 in Fighting
  5241 | D:8      | Found a snail-covered altar of Cheibriados.
  5629 | D:9      | Found a glowing silver altar of Zin.
  5629 | D:9      | Found an opulent altar of Gozag.
  5764 | D:9      | Found Laskoh's Armour Shop.
  5769 | D:9      | Reached **** piety under Trog
  5777 | D:9      | Bought a +1 pair of boots for 161 gold pieces
  5855 | D:10     | Entered Level 10 of the Dungeon
  5899 | D:10     | Reached skill level 10 in Armour
  5933 | D:10     | Noticed a hill giant
  5941 | D:10     | Killed a hill giant
  5941 | D:10     | Reached skill level 11 in Axes
  6013 | D:10     | Noticed a hill giant
  6217 | D:10     | Got a translucent arbalest
  6224 | D:10     | Identified the +7 arbalest "Xonlif" {freeze, rPois} (You found it on level 10 of the Dungeon)
  6406 | D:10     | Killed a hill giant
  7146 | D:8      | Reached XP level 11. HP: 97/104 MP: 11/11
  7277 | D:11     | Noticed Erolcha
  7288 | D:11     | Killed Erolcha
  7288 | D:11     | Reached skill level 12 in Axes
  7307 | D:11     | Noticed a hill giant
  7316 | D:11     | Killed a hill giant
  7404 | D:11     | Noticed a hill giant
  7405 | D:11     | Killed an unseen horror
  7412 | D:11     | Killed a hill giant
  7562 | D:11     | Reached skill level 1 in Evocations
  7695 | D:11     | Reached skill level 13 in Axes
  7926 | D:11     | Found a staircase to the Lair.
  7935 | Lair:1   | Entered Level 1 of the Lair of Beasts
  7942 | Lair:1   | Reached ***** piety under Trog
  8854 | Lair:2   | Noticed a griffon
  8881 | Lair:2   | Killed a griffon
  9949 | Lair:3   | Reached XP level 12. HP: 114/115 MP: 12/12
 10116 | Lair:3   | Received a gift from Trog
 10271 | Lair:4   | Reached skill level 14 in Axes
 10372 | Lair:3   | Gained mutation: You are partially covered in rough black scales. (AC +4, Dex -1) [potion of mutation]
 10372 | Lair:3   | Gained mutation: You have supernaturally acute eyesight. (SInv) [potion of mutation]
 10372 | Lair:3   | Gained mutation: Your spells are a little harder to cast, but a little more powerful. [potion of mutation]
 10668 | Lair:4   | Noticed Maud
 10681 | Lair:4   | Killed Maud
 11277 | Lair:4   | Reached skill level 15 in Axes
 11344 | Lair:4   | Found a staircase to the Snake Pit.
 11424 | Lair:4   | Noticed a seven-headed hydra
 11430 | Lair:4   | Killed a four-headed hydra
 11590 | Lair:4   | Noticed a four-headed hydra
 11864 | Lair:5   | Reached XP level 13. HP: 81/125 MP: 13/13
 11933 | Lair:5   | Reached skill level 15 in Fighting
 12010 | Lair:5   | Received a gift from Trog
 12142 | Lair:5   | Noticed Snorg
 12151 | Lair:5   | Killed Snorg
 12379 | Lair:6   | Found a labyrinth entrance.
 12388 | Lab      | Entered a labyrinth
 12794 | Lab      | Noticed a minotaur
 12819 | Lab      | Identified the Grimoire of Protection
 12957 | Lab      | Killed a minotaur
 12957 | Lab      | Reached skill level 16 in Axes
 13057 | Lair:6   | Identified a +1 rod of shadows (9/11) (You took it off a minotaur in a labyrinth)
 13713 | Lair:7   | Found a runed door.
 13714 | Lair:7   | Found a viscous altar of Jiyva.
 13716 | Lair:7   | Found a staircase to the Slime Pits.
 14552 | Lair:8   | Entered Level 8 of the Lair of Beasts
 15026 | Lair:8   | Slain by a fire crab

Vault maps used:
D:1:      saegor_arrival_miasma
D:2:      lemuel_coloured_pillars_altar, lemuel_doored_altar
D:4:      nicolae_overflow_hidden_temple, lemuel_crystal_altar,
          minmay_temple_entry_statues_fountains, serial_shops,
          nicolae_shop_stone, first_bread
D:5:      lemuel_zombie_altar_yredelemnul, kiku_gazebo_garden_becter,
          gammafunk_temple_overflow_elements, uniq_menkaure
D:6:      minmay_misc_feat_roman, grunt_dithmenos_shadows
D:7:      nicolae_underground_beach
D:8:      cheibriados_altar_1, blue_anna_alchemist
D:9:      grunt_temple_overflow_gold_and_silver, serial_shops,
          kennysheep_little_box, kennysheep_generic_room_8
D:10:     kennysheep_generic_room_12
D:11:     lair_0_dummy, uniq_erolcha
Lair:1:   grunt_megastairs_2, serial_bayou_shore_a, infiniplex_staircase_pool
Lair:2:   lemuel_fruit_tree, serial_bayou_shore_b
Lair:3:   infiniplex_staircase_pool_2
Lair:4:   minmay_snake_entry_guardpost_small, minivault_24, uniq_maud
Lair:5:   swamp_mist, uniq_snorg
Lair:6:   lab_entry_generic
Lair:7:   gammafunk_lair_bear_cave, slime_altar_2
Lair:8:   evilmike_catoblepas_cave, grunt_forest_large_clearings
Lab:      nicolae_lab_dead_adventurers, labyrinth_skeletal_remains

Skill      XL: |  1  2  3  4  5  6  7  8  9 10 11 12 13 |
---------------+----------------------------------------+-----
Armour         | 1 2 3 4 5 7 9 10 11 12 13 | 13.6
Fighting       | 3 4 5 7 9 11 13 14 15 | 15.6
Axes           | 5 6 8 9 10 11 13 15 16 | 16.8
Stealth        | 1 |  1.0
Evocations     | 1 |  1.8
Dodging        | 4 |  4.8
Throwing       | |  1.8

Action                   |  1- 3 |  4- 6 |  7- 9 | 10-12 | 13-15 || total
-------------------------+-------+-------+-------+-------+-------++-------
Melee: War axe           |    99 |   165 |    50 |       |       ||   314
       Mace              |       |       |   181 |    53 |       ||   234
       Battleaxe         |       |       |       |   385 |   249 ||   634
       Whip              |       |       |       |   125 |       ||   125
Throw: Throwing net      |       |     6 |       |     5 |       ||    11
Invok: Trog's Hand       |       |       |     3 |     5 |     4 ||    12
       Berserk           |       |       |     1 |     7 |     1 ||     9
       Burn Spellbooks   |       |       |     1 |     4 |     1 ||     6
       Brothers in Arms  |       |       |       |     1 |     1 ||     2
Evoke: Wand              |       |       |     1 |     7 |     5 ||    13
       Rod               |       |       |       |       |     1 ||     1
       Phantom mirror    |       |       |       |       |     1 ||     1
  Use: Scroll            |       |     9 |     7 |    12 |     1 ||    29
       Potion            |       |       |       |     2 |       ||     2
 Stab: Held in net/web   |       |     1 |       |       |       ||     1
       Sleeping          |       |       |       |     1 |     2 ||     3
       Distracted        |       |       |       |       |     2 ||     2
  Eat: Chunk             |     1 |     5 |     6 |    20 |     2 ||    34
       Royal jelly       |       |       |     1 |     1 |       ||     2
       Pizza             |       |       |       |     5 |       ||     5
       Beef jerky        |       |       |       |     1 |       ||     1
       Meat ration       |       |       |       |     1 |     1 ||     2
       Bread ration      |       |       |       |       |     1 ||     1
Armor: Leather armour    |     3 |       |       |       |       ||     3
       Ring mail         |    52 |    75 |   104 |   248 |   177 ||   656
Dodge: Dodged            |    79 |    95 |   126 |   318 |   160 ||   778
